 Dungeon Crawl Stone Soup version 0.20.0-8-g6b59dc7 (webtiles) character file.

78 mopl the Firebug (level 4, -3/24 HPs)
             Began as a Deep Elf Fire Elementalist on May 30, 2017.
             Slain by a scorpion (9 damage)
             ... on level 4 of the Dungeon.
             The game lasted 00:02:44 (910 turns).

mopl the Firebug (Deep Elf Fire Elementalist)        Turns: 910, Time: 00:02:45

Health: -3/24      AC:  7    Str:  5    XL:     4   Next: 15%
Magic:  5/11       EV: 13    Int: 21    God:
Gold:   25         SH:  0    Dex: 15    Spells: 6/10 levels left

rFire    . . .     SeeInvis .   (no weapon)
rCold    . . .     Gourm    .   (no shield)
rNeg     . . .     Faith    .   a - +0 robe
rPois    .         Spirit   .   (no helmet)
rElec    .         Reflect  .   (no cloak)
rCorr    .         Harm     .   (no gloves)
MR       .....     Rnd*Tele +   (no boots)
Stlth    ++........             (no amulet)
Regen    0.1/turn               e - +5 ring of protection
MPRegen  0.2/turn               k - ring of teleportation (curse)

@: lethally poisoned (-3 -> -13)
A: no striking features
a: no special abilities


You were on level 4 of the Dungeon.
You were not hungry.

You visited 1 branch of the dungeon, and saw 4 of its levels.

You collected 25 gold pieces.

Inventory:

Armour
 a - a +0 robe (worn)
 j - a +0 shield
Jewellery
 e - a +5 ring of protection (left hand)
 k - a cursed ring of teleportation (right hand)
Scrolls
 d - a scroll of immolation {!r}
 f - a scroll of amnesia {unknown}
 h - a scroll of random uselessness {unknown}
 i - 2 scrolls of teleportation {unknown}
 l - a scroll of noise {unknown}
Potions
 g - 2 potions of curing {unknown}
 n - a potion of degeneration {unknown}
Books
 b - a book of Flames

   Spells                             Type                      Level
   a - Flame Tongue                   Conjuration/Fire             1
   b - Throw Flame                    Conjuration/Fire             2
   c - Conjure Flame                  Conjuration/Fire             3
   d - Inner Flame                    Hexes/Fire                   3
   e - Sticky Flame                   Conjuration/Fire             4
   f - Fireball                       Conjuration/Fire             5
Comestibles
 c - a bread ration
 m - 3 fruits
 o - a meat ration


   Skills:
 - Level 2.4 Dodging
 - Level 2.4 Stealth
 + Level 3.5 Spellcasting
 * Level 3.2 Conjurations
 * Level 4.1 Fire Magic


You had 6 spell levels left.
You knew the following spells:

 Your Spells              Type           Power        Failure   Level  Hunger
a - Flame Tongue          Conj/Fire      ###..        2%          1    None
c - Conjure Flame         Conj/Fire      ###.....     9%          3    ###....


Dungeon Overview and Level Annotations

Branches:
Dungeon (5/15)
 Temple: D:4-7

Altars:


Message History

As you close the door, it creaks loudly!
An orc opens the door.
You close the door.
An orc opens the door.
You close the door.
An orc opens the door.
As you close the door, it creaks loudly!
An orc opens the door.
A scorpion comes into view.
You close the door.
An orc opens the door.
You close the door.
An orc opens the door.
You close the door.
An orc opens the door.
You close the door.
An orc opens the door.
You close the door.
An orc opens the door.
You close the door.
The scorpion stings you.
* * * LOW HITPOINT WARNING * * *
You are lethally poisoned!
The scorpion poisons you!
An orc opens the door.
You close the door.
* * * LOW HITPOINT WARNING * * *
You feel sick. The scorpion stings you!
You die...

###### #....# ##
#....# .+ #....# ##
#....# #....#
#....#########
.########....##†.....#
.
..!....@+o....'>.....+
.
.#####s##....##......#
.. #. #....##......#
.. #. #....##......#
.. #. #######......#
.. .. #......# . #.
#......# #. +.......


You could see a scorpion.

Vanquished Creatures
  A centaur skeleton (D:5)
  2 adders (D:4)
  2 leopard geckos
  A giant cockroach (D:1)
  6 goblins (D:1)
  2 hobgoblins
  4 jackals (D:1)
  3 kobolds
  2 bats
  2 frilled lizards (D:1)
  5 rats (D:1)
30 creatures vanquished.

Notes
Turn   | Place    | Note
-------+----------+-------------------------------------------
     0 | D:1      | mopl the Deep Elf Fire Elementalist began the quest for the Orb.
     0 | D:1      | Reached XP level 1. HP: 10/10 MP: 6/6
   116 | D:1      | Reached XP level 2. HP: 9/15 MP: 0/8
   232 | D:1      | Reached skill level 2 in Conjurations
   749 | D:2      | Reached XP level 3. HP: 19/19 MP: 6/9
   754 | D:2      | Learned a level 3 spell: Conjure Flame
   825 | D:2      | You fall through a shaft for 2 floors!
   833 | D:4      | Noticed an ogre
   841 | D:5      | Entered Level 5 of the Dungeon
   847 | D:5      | Reached skill level 3 in Conjurations
   854 | D:5      | Noticed an ice beast
   860 | D:4      | Reached skill level 4 in Fire Magic
   860 | D:4      | Reached XP level 4. HP: 18/24 MP: 1/11
   910 | D:4      | Slain by a scorpion

Skill      XL: |  1  2  3 |
---------------+----------+-----
Conjurations   | 2 3 |  3.2
Fire Magic     | 4 |  4.1
Dodging        | |  2.4
Stealth        | |  2.4
Spellcasting   | |  3.5

Action                   |  1- 3 |  4- 6 || total
-------------------------+-------+-------++-------
Melee: Unarmed           |     3 |       ||     3
 Cast: Flame Tongue      |    51 |     3 ||    54
       Conjure Flame     |     1 |       ||     1
  Use: Scroll            |     1 |       ||     1
 Stab: Distracted        |     1 |       ||     1
Armor: Robe              |    30 |       ||    30
Dodge: Dodged            |    58 |     3 ||    61
